 Dungeon Crawl Stone Soup version 0.29.1-12-g30fa7ad0bf (webtiles) character file.

Game seed: 5803088229405464619

26 Gabide the Trooper (level 3, -19/30 HPs)
             Began as a Formicid Berserker on Dec 17, 2022.
             Was a Believer of Trog.
             Demolished by a two-headed ogre
             ... wielding a +0 giant club
              (23 damage)
             ... on level 4 of the Dungeon.
             The game lasted 00:03:57 (1388 turns).

Gabide the Trooper (Formicid Berserker)             Turns: 1388, Time: 00:04:00

Health: -19/30     AC:  5    Str: 23    XL:     3   Next: 22%
Magic:  3/3        EV: 11    Int:  6    God:    Trog [**....]
Gold:   104        SH:  0    Dex: 13    Spells: 2/2 levels left

rFire   . . .      SeeInvis +   a - +0 mace
rCold   . . .      Faith    .   (no shield)
rNeg    . . .      Spirit   .   g - +0 ring mail
rPois   .          Reflect  .   (helmet unavailable)
rElec   .          Harm     .   (no cloak)
rCorr   .          Rampage  .   (no gloves)
Will    ++...                   (no boots)
Stlth   +.........              (no amulet)
HPRegen 1.10/turn               (no ring)
MPRegen 0.08/turn               (no ring)

@: strong-willed, regenerating
A: permanent stasis, dig shafts and tunnels, antennae 3, four strong arms
a: Dig, Shaft Self, Renounce Religion, Trog's Hand


You were on level 4 of the Dungeon.
You worshipped Trog.
Trog was pleased with you.
You visited 1 branch of the dungeon, and saw 3 of its levels.

You collected 104 gold pieces.

Inventory:

Hand Weapons
 a - a +0 mace (weapon)
Armour
 g - a +0 ring mail (worn)
Scrolls
 b - 2 scrolls of teleportation
 c - a scroll of identify
 d - a scroll of blinking
 i - a scroll of silence {unknown}
Potions
 f - 2 potions of curing
 h - a potion of resistance {unknown}
 j - a potion of mutation {unknown}


   Skills:
 - Level 4.0 Fighting
 + Level 3.0 Maces & Flails
 - Level 3.0 Armour
 - Level 2.0 Dodging


You had 2 spell levels left.
You didn't know any spells.
Your spell library was empty.

Dungeon Overview and Level Annotations

Branches:
Dungeon (2/15)

Altars:
Ru


Innate Abilities, Weirdness & Mutations

You cannot be hasted, slowed, berserked, paralysed or teleported.
You can dig through walls and to a lower floor.
You have a pair of large antennae on your head. (SInv)
Your four strong arms can wield two-handed weapons with a shield.


Message History

You throw a datura-tipped dart.
The datura-tipped dart completely misses the hound.
The hound barely misses you.
Throw: dart (datura)
Press: ? - help, Shift-Dir - straight line, f/p - hound
Aim: a hound (48% to hit, chance to frenzy on hit: 75%)
You throw a datura-tipped dart.
The datura-tipped dart barely misses the hound.
The hound bites you.
* * * LOW HITPOINT WARNING * * *
The hound pauses to sniff the ground.
The hound bites you but does no damage. The hound barely misses you.
Okay, then.
Unknown command.
There is an open door here.
The hound closely misses you.
Your skin crawls.
You feel strong-willed. The hound bites you.
* * * LOW HITPOINT WARNING * * *
The hound bites you.
* * * LOW HITPOINT WARNING * * *
The hound bites you.
* * * LOW HITPOINT WARNING * * *
As you read the scroll labelled LAPHU UTRAIWU, it crumbles to dust.
It is a scroll of identify.
f - 2 potions of curing The hound barely misses you.
As you read the scroll of identify, it crumbles to dust.
b - 2 scrolls of teleportation The hound closely misses you.
The two-headed ogre misses you. The two-headed ogre barely misses you.
The hound bites you.
* * * LOW HITPOINT WARNING * * *
As you read the scroll labelled DITWUS ASIBLAX, it crumbles to dust.
Your stasis prevents you from teleporting.
It was a scroll of blinking.
The hound closely misses you. The two-headed ogre barely misses you.
The two-headed ogre hits you with a +0 giant club!!
Ouch! That really hurt!
You die...

#### h.. #.. ......
{..##.. ......# .....
......# .... ......# .h.
.....########'#
############.......(...
#......Og..#...........
#.....@hg..#...........
###########h#....g.....(
#............g(###+#....
#...........h>.# #....
#..............# #....
#..............# #....
#..............# #....
#####))...###### #####
#[.#.....#


You could see a two-headed ogre, 2 hounds, a hobgoblin and a goblin.

Vanquished Creatures
  A dart slug (D:2)
  6 endoplasms
  A giant cockroach (D:1)
  2 goblins
  2 hobgoblins (D:1)
  3 kobolds
  A quokka (D:1)
  2 bats (D:1)
  A frilled lizard (D:1)
  3 rats
22 creatures vanquished.

Notes
Turn   | Place    | Note
-------+----------+-------------------------------------------
     0 | D:1      | Gabide the Formicid Berserker began the quest for the Orb.
     0 | D:1      | Reached XP level 1. HP: 18/18 MP: 1/1
     0 | D:1      | Noticed an orb of fire
     3 | D:1      | Noticed a white draconian
     3 | D:1      | Noticed a shadow dragon
     5 | D:1      | Noticed a shadow dragon
     6 | D:1      | Noticed a tentacled monstrosity
     7 | D:1      | Noticed an ice dragon
    12 | D:1      | Noticed a tentacled monstrosity
    12 | D:1      | Noticed a large abomination
    14 | D:1      | Noticed a shadow dragon
    15 | D:1      | Noticed an orb of fire
    18 | D:1      | Noticed a large abomination
    20 | D:1      | Noticed an iron dragon
    20 | D:1      | Noticed an iron dragon
    22 | D:1      | Noticed an iron dragon
   214 | D:1      | Found a faded altar of an unknown god.
   494 | D:1      | Reached XP level 2. HP: 23/24 MP: 2/2
  1074 | D:2      | Reached XP level 3. HP: 30/30 MP: 3/3
  1086 | D:2      | Found a sacrificial altar of Ru.
  1167 | D:2      | You fall into a shaft and drop 2 floors!
  1194 | D:4      | Reached ** piety under Trog
  1207 | D:4      | Reached skill level 4 in Fighting
  1365 | D:4      | Noticed a two-headed ogre
  1388 | D:4      | Demolished by a two-headed ogre

Illustrated notes

Levels and vault maps discovered:
D:1:      shiori_arrival_whats_in_store_for_you, layout_rooms,
          ebering_ecumenical_altar_petrified
D:2:      layout_rooms, basic_altar, serial_corexii_hall,
          chequers_hall_statues_wall_a, corexii_hall_statues_x,
          chequers_hall_statues_corner_a, corexii_hall_statues_deadend,
          minmay_stone_trees_small
D:4:      layout_gridville

Skill      XL: |  1  2  3 |
---------------+----------+-----
Armour         | 3 |  3.0
Dodging        | 2 |  2.0
Fighting       | 4 |  4.0
Maces & Flails | |  3.0

Action                   || total
-------------------------++-------
Melee: Mace              ||    64
       Punch             ||     1
Throw: Dart              ||     4
Invok: Trog's Hand       ||     1
 Abil: Dig               ||     1
  Use: Scroll            ||     3
Armor: Animal skin       ||    12
       Ring mail         ||    13
Dodge: Dodged            ||    52
